[Event "Titled Tuesday Blitz April 26 Early 2022"]
[White "Abdusattorov, Nodirbek"]
[Black "Harshavardhan G B"]
[WhiteFideId "14204118"]
[BlackFideId "25059009"]
[WhiteElo "2663"]
[BlackElo "1831"]
[Result "1-0"]
[Round "07"]
[TimeControl "180+1"]
[Date "2022.04.26"]
[WhiteClock "0:00:29"]
[BlackClock "0:00:11"]

1. c4 e5 2. Nc3 Nf6 3. Nf3 Nc6 4. g3 d5 5. cxd5 Nxd5 6. Bg2 Nb6 7. O-O Be7 8. d3 g5 9. b4 g4 10. Nd2 Bxb4 11. Bb2 h5 12. Rc1 Be6 13. Nb5 f6 14. Ne4 h4 15. d4 a6 16. Nxc7+ Qxc7 17. Nxf6+ Kf7 18. d5 Kxf6 19. dxc6 Rad8 20. Qc2 Rd2 21. Qb1 hxg3 22. fxg3+ Ke7 23. Bxe5 Qxe5 24. Qxb4+ Qd6 25. Qxb6 Rxe2 26. Qxb7+ Ke8 27. Qa8+ Qd8 28. c7 Qxa8 29. Bxa8 Bc8 30. Rcd1 Ke7 31. Bd5 Be6 32. Bxe6 Rxe6 33. Rfe1 Rxe1+ 34. Rxe1+ Kd7 35. Rc1 Kc8 36. Rc4 Rg8 37. a4 Rg5 38. Kg2 Rg6 39. h4 gxh3+ 40. Kxh3 Rh6+ 41. Kg4 Rg6+ 42. Kh4 Rh6+ 43. Kg5 Rh8 44. g4 Rg8+ 45. Kf5 Rf8+ 46. Ke6 Rg8 47. Kf7 Rg5 48. Kf6 Rd5 49. g5 Rd1 50. g6 Rf1+ 51. Kg5 Rg1+ 52. Rg4 Re1 53. g7 Re8 54. Rc4 Kb7 55. c8=Q+ Rxc8 56. Rxc8 Kxc8 57. g8=Q+ Kb7 58. Qe6 Ka7 59. Qc6 a5 60. Qb5 Ka8 61. Kf6 Ka7 62. Ke6 Ka8 63. Kd6 Ka7 64. Kc6 Ka8 65. Qb7# 1-0


[Site "https://www.chess.com"]

[Event "Titled Tuesday Blitz April 26 Early 2022"]
[White "Aggelis, Nikolaos"]
[Black "Bas Mas, Jose Joaquin"]
[WhiteFideId "4213220"]
[BlackFideId "22219064"]
[WhiteElo "2154"]
[BlackElo "2212"]
[Result "0-1"]
[Round "07"]
[TimeControl "180+1"]
[Date "2022.04.26"]
[WhiteClock "0:02:41"]
[BlackClock "0:02:00"]

1. d4 f5 2. g3 Nf6 3. c3 e6 4. Bg2 Be7 5. Nf3 O-O 6. O-O d6 7. Nfd2 e5 8. e4 fxe4 9. Nxe4 exd4 10. Qxd4 Nc6 11. Nxf6+ Bxf6 12. Qd5+ Kh8 13. Be3 Ne7 14. Qb5 c6 15. Qb3 d5 16. Nd2 Nf5 17. Bc5 Re8 18. Nf3 b6 19. Bd4 Nxd4 20. Nxd4 Bxd4 21. cxd4 Ba6 22. Rfe1 Bc4 23. Qc2 Qf6 24. b3 Bb5 25. a4 Ba6 26. Qxc6 Qxc6 0-1


[Site "https://www.chess.com"]

[Event "Titled Tuesday Blitz April 26 Early 2022"]
[White "Allahverdiyeva, Ayan"]
[Black "Dauner, Benedikt"]
[WhiteFideId "13412590"]
[BlackFideId "16225899"]
[WhiteElo "1910"]
[BlackElo "2230"]
[Result "0-1"]
[Round "07"]
[TimeControl "180+1"]
[Date "2022.04.26"]
[WhiteClock "0:00:01"]
[BlackClock "0:02:39"]

1. e4 Nf6 2. e5 Nd5 3. d4 d6 4. c4 Nb6 5. f4 dxe5 6. fxe5 c5 7. d5 g6 8. Nc3 Bg7 9. Bf4 O-O 10. Nf3 Bg4 11. Be2 N8d7 12. h3 Bxf3 13. Bxf3 Nxe5 14. b3 Nexc4 15. bxc4 Bxc3+ 16. Bd2 Bxd2+ 17. Qxd2 Nxc4 18. Qc3 Qa5 19. Qxa5 Nxa5 20. O-O Rad8 21. Rfe1 Rd7 22. Rac1 b6 23. Rc3 Nb7 24. Rce3 Re8 25. Bd1 Nd6 26. Ba4 b5 27. Bc2 c4 28. a3 a5 29. Bd1 Nf5 0-1


[Site "https://www.chess.com"]

[Event "Titled Tuesday Blitz April 26 Early 2022"]
[White "Antonio, Jorge Carlos"]
[Black "Belenkaya, Dina"]
[WhiteFideId "113190"]
[BlackFideId "24142654"]
[WhiteElo "2247"]
[BlackElo "2196"]
[Result "0-1"]
[Round "07"]
[TimeControl "180+1"]
[Date "2022.04.26"]
[WhiteClock "0:00:02"]
[BlackClock "0:00:05"]

1. d4 d5 2. Bf4 c5 3. e3 Nc6 4. c3 Nf6 5. Nf3 Bf5 6. Bd3 Bxd3 7. Qxd3 e6 8. Qb5 Qb6 9. Qxb6 axb6 10. a3 b5 11. O-O b4 12. Nbd2 cxd4 13. axb4 Rxa1 14. Rxa1 dxe3 15. Bxe3 Be7 16. Ra8+ Nd8 17. Bb6 Nd7 18. Bxd8 Bxd8 19. Nd4 Ke7 20. Ra7 b6 21. Nc6+ Kd6 22. b5 Bc7 23. Nb3 Rc8 24. Nbd4 Nc5 25. f3 g6 26. g4 e5 27. Ne2 f5 28. g5 Nd3 29. b3 Nc5 30. b4 Ne6 31. h4 h6 32. gxh6 Rh8 33. f4 exf4 34. Ned4 Nxd4 35. Nxd4 Rxh6 36. Kg2 Rxh4 37. Kf3 Kd7 38. Ne6 Rh3+ 39. Ke2 Rxc3 40. Nf8+ Ke7 41. Nxg6+ Kf6 42. Nf8 f3+ 43. Kf2 Be5 44. Nd7+ Ke6 45. Nxe5 Kxe5 46. Re7+ Kf4 47. Rd7 Rc2+ 48. Kf1 Ke3 49. Re7+ Kd3 50. Rf7 Ke3 51. Re7+ Kf4 52. Rd7 Rd2 53. Rd6 d4 54. Rxb6 d3 55. Rd6 Rd1+ 56. Kf2 d2 57. b6 Rb1 58. Rxd2 Rxb4 59. Rd6 Rb2+ 60. Kf1 Ke5 61. Rh6 Ke4 62. Re6+ Kf4 63. Rc6 f2 64. Rc4+ Kf3 65. Rc3+ Ke4 66. Rc6 f4 67. Re6+ Kf3 68. Rc6 Rb1+ 0-1


[Site "https://www.chess.com"]

[Event "Titled Tuesday Blitz April 26 Early 2022"]
[White "Aradhya, Garg"]
[Black "Swiercz, Dariusz"]
[WhiteFideId "25006746"]
[BlackFideId "1126881"]
[WhiteElo "2169"]
[BlackElo "2627"]
[Result "1-0"]
[Round "07"]
[TimeControl "180+1"]
[Date "2022.04.26"]
[WhiteClock "0:00:12"]
[BlackClock "0:00:01"]

1. d4 Nf6 2. c4 g6 3. g3 Bg7 4. Bg2 O-O 5. Nc3 d6 6. Nf3 c6 7. e4 Nbd7 8. O-O e5 9. h3 Qa5 10. Be3 exd4 11. Bxd4 Ne5 12. c5 Nfd7 13. cxd6 Nxf3+ 14. Bxf3 Bxd4 15. Qxd4 Ne5 16. Bg2 Re8 17. f4 Nd7 18. e5 Qb6 19. Qxb6 axb6 20. Ne4 f6 21. exf6 h6 22. Rfd1 Kf7 23. Rd4 Ra5 24. a3 Rd8 25. Rad1 Nf8 26. d7 Rxd7 27. Nd6+ Rxd6 28. Rxd6 Be6 29. g4 Kxf6 30. Rd8 Ke7 31. Rb8 Ra7 32. Re1 Nd7 33. Rh8 Nf6 34. f5 gxf5 35. gxf5 Nh5 36. Rxe6+ Kf7 37. Rh7+ Kg8 38. Rexh6 Nf4 39. Rc7 Ra8 40. f6 Ne6 41. Re7 Rd8 42. Rxe6 Rd1+ 43. Kh2 Kf8 44. Re7 Kg8 45. Rg7+ Kf8 46. Rh8# 1-0


[Site "https://www.chess.com"]

[Event "Titled Tuesday Blitz April 26 Early 2022"]
[White "Barria Zuniga, Daniel"]
[Black "Starozhilov, Leonid"]
[WhiteFideId "3400816"]
[BlackFideId "14106752"]
[WhiteElo "2414"]
[BlackElo "2414"]
[Result "1/2-1/2"]
[Round "07"]
[TimeControl "180+1"]
[Date "2022.04.26"]
[WhiteClock "0:00:21"]
[BlackClock "0:00:08"]

1. c4 Nf6 2. Nc3 g6 3. e4 d6 4. d4 Bg7 5. Be2 O-O 6. Nf3 Bg4 7. Bg5 Nc6 8. d5 Bxf3 9. Bxf3 Ne5 10. Be2 c6 11. O-O a6 12. Qd2 cxd5 13. exd5 Rc8 14. b3 Qa5 15. Rac1 Rfe8 16. h3 Qb4 17. Rfd1 h5 18. Be3 Ned7 19. Na4 Qxd2 20. Bxd2 Ne4 21. Be1 Nec5 22. Nc3 Nf6 23. Bf3 Ncd7 24. Kf1 Ne5 25. Be2 Bh6 26. Rb1 Ned7 27. g3 Nc5 28. Kg2 Nfe4 29. Nxe4 Nxe4 30. Bd3 Nc5 31. Bc2 Bg7 32. f4 b5 33. Bf2 bxc4 34. bxc4 Rb8 35. Bxc5 dxc5 36. a4 Bb2 37. Rd3 Rb4 38. Rb3 Rxb3 39. Bxb3 Bc3 40. Bc2 Bb4 41. g4 hxg4 42. hxg4 Kg7 43. g5 Rh8 44. Kg3 Rd8 45. Rd1 Rd6 46. Kg4 e6 47. Be4 Bc3 48. Rb1 Bb4 49. Rd1 Kf8 50. Kg3 Kg7 51. Kg4 1/2-1/2


[Site "https://www.chess.com"]

[Event "Titled Tuesday Blitz April 26 Early 2022"]
[White "Bashirli, Saadat"]
[Black "Prohorov, Olexandr"]
[WhiteFideId "13429990"]
[BlackFideId "14105578"]
[WhiteElo "1173"]
[BlackElo "1993"]
[Result "1/2-1/2"]
[Round "07"]
[TimeControl "180+1"]
[Date "2022.04.26"]
[WhiteClock "0:00:25"]
[BlackClock "0:00:36"]

1. d4 c5 2. d5 f5 3. Nc3 g6 4. Nf3 Bg7 5. e4 d6 6. Bb5+ Bd7 7. Bxd7+ Nxd7 8. exf5 gxf5 9. Ng5 Bxc3+ 10. bxc3 Ngf6 11. Ne6 Qa5 12. Qf3 Ne5 13. Qh3 Nxd5 14. Bd2 Nc4 15. Qxf5 Nxd2 16. Ng7+ Kd8 17. Ne6+ Ke8 18. Ng7+ Kd8 19. Ne6+ Ke8 20. Ng7+ Kd8 1/2-1/2


[Site "https://www.chess.com"]

[Event "Titled Tuesday Blitz April 26 Early 2022"]
[White "Begunov, Konstantin"]
[Black "Clawitter, Craig"]
[WhiteFideId "4118510"]
[BlackFideId "2023105"]
[WhiteElo "2262"]
[BlackElo "2250"]
[Result "1-0"]
[Round "07"]
[TimeControl "180+1"]
[Date "2022.04.26"]
[WhiteClock "0:00:30"]
[BlackClock "0:00:03"]

1. d4 e6 2. c4 Nf6 3. Nf3 d5 4. Nc3 dxc4 5. e4 Bb4 6. e5 Nd5 7. Bd2 c5 8. Bxc4 cxd4 9. Nxd5 Bxd2+ 10. Qxd2 exd5 11. Bb3 Nc6 12. O-O O-O 13. Rfe1 Re8 14. Qf4 Na5 15. Bc2 h6 16. Nxd4 Qb6 17. b3 Nc6 18. Nf5 Bxf5 19. Qxf5 Nd4 20. Qh7+ Kf8 21. Bd3 Rac8 22. Re3 Nc2 23. Bxc2 Rxc2 24. Qh8+ Ke7 25. Qxg7 Rec8 26. Rae1 Rc1 27. e6 Rxe1+ 28. Rxe1 1-0


[Site "https://www.chess.com"]

[Event "Titled Tuesday Blitz April 26 Early 2022"]
[White "Blokhin, Sofia"]
[Black "Andrews, Todd"]
[WhiteFideId "4508190"]
[BlackFideId "2012456"]
[WhiteElo "1764"]
[BlackElo "2336"]
[Result "0-1"]
[Round "07"]
[TimeControl "180+1"]
[Date "2022.04.26"]
[WhiteClock "0:00:48"]
[BlackClock "0:01:43"]

1. d4 Nf6 2. c4 c5 3. d5 b5 4. cxb5 a6 5. bxa6 g6 6. Nc3 Bxa6 7. e4 Bxf1 8. Kxf1 d6 9. Nf3 Bg7 10. g3 O-O 11. Kg2 Qb6 12. b3 Qb7 13. Bd2 e6 14. dxe6 fxe6 15. Qc2 Nc6 16. Bf4 d5 17. exd5 exd5 18. Bd6 Nb4 19. Qd2 d4 20. Na4 Ng4 21. Bf4 Ne5 22. Qe2 d3 23. Qd1 Nxf3 24. Qxf3 Qxf3+ 25. Kxf3 Bxa1 26. Rxa1 g5 27. Nxc5 gxf4 28. gxf4 Rxa2 29. Rxa2 Nxa2 30. Nxd3 Rb8 31. Nc5 Nc1 32. Ke4 Nxb3 33. Nxb3 Rxb3 0-1


[Site "https://www.chess.com"]

[Event "Titled Tuesday Blitz April 26 Early 2022"]
[White "Brodowski, Piotr"]
[Black "Sargissyan, Sargis"]
[WhiteFideId "1124480"]
[BlackFideId "13303210"]
[WhiteElo "2422"]
[BlackElo "2174"]
[Result "0-1"]
[Round "07"]
[TimeControl "180+1"]
[Date "2022.04.26"]
[WhiteClock "0:00:01"]
[BlackClock "0:00:56"]

1. e4 c5 2. Nf3 d6 3. d4 cxd4 4. Nxd4 Nf6 5. Nc3 a6 6. a3 e6 7. g4 b5 8. g5 Nfd7 9. Bg2 Bb7 10. f4 Nc5 11. Be3 Qc7 12. Qd2 Nbd7 13. O-O-O Nb6 14. Kb1 Nc4 15. Qe2 Be7 16. Ndxb5 axb5 17. Nxb5 Nxa3+ 18. Nxa3 Nxe4 19. Qb5+ Bc6 20. Bxe4 Bxb5 21. Nxb5 Qa5 22. Bxa8 Qxb5 23. Be4 O-O 24. c3 Rb8 25. Rd2 d5 0-1


[Site "https://www.chess.com"]

[Event "Titled Tuesday Blitz April 26 Early 2022"]
[White "Buscar, Michael"]
[Black "De Arruda, Leandro Formes"]
[WhiteFideId "2603616"]
[BlackFideId "22722009"]
[WhiteElo "2010"]
[BlackElo "1852"]
[Result "1-0"]
[Round "07"]
[TimeControl "180+1"]
[Date "2022.04.26"]
[WhiteClock "0:00:08"]
[BlackClock "0:00:04"]

1. Nf3 d5 2. g3 g6 3. Bg2 Bg7 4. c4 c6 5. O-O Nf6 6. cxd5 cxd5 7. d3 O-O 8. Bg5 h6 9. Be3 Nc6 10. Qd2 Ng4 11. Bc5 b6 12. Ba3 Bb7 13. Nc3 e5 14. Bxf8 Bxf8 15. Rfc1 Bb4 16. a3 Bc5 17. e3 Na5 18. b4 Nb3 19. Qb2 Nxc1 20. Rxc1 Bd6 21. Nb5 e4 22. Nxd6 Qxd6 23. dxe4 dxe4 24. Nd4 Qf6 25. Qe2 h5 26. Rc7 Rb8 27. b5 Ne5 28. a4 Qd6 29. Qc2 Nf3+ 30. Bxf3 exf3 31. Rxb7 Rd8 32. Qc7 Qd5 33. Rxa7 h4 34. Qf4 h3 35. Rc7 Qa2 36. Rc1 1-0


[Site "https://www.chess.com"]

[Event "Titled Tuesday Blitz April 26 Early 2022"]
[White "Butti, Enrique"]
[Black "Li, Ben"]
[WhiteFideId "3700470"]
[BlackFideId "2089980"]
[WhiteElo "2080"]
[BlackElo "2267"]
[Result "0-1"]
[Round "07"]
[TimeControl "180+1"]
[Date "2022.04.26"]
[WhiteClock "0:01:21"]
[BlackClock "0:00:58"]

1. d4 d5 2. c4 c6 3. Nf3 Nf6 4. Nc3 e6 5. Bg5 Be7 6. e3 O-O 7. Qc2 b6 8. cxd5 cxd5 9. Bd3 h6 10. Bxf6 Bxf6 11. Ne5 Bxe5 12. dxe5 Nc6 13. f4 Nb4 14. Qd2 Nxd3+ 15. Qxd3 a5 16. Nb5 Ba6 17. a4 Qh4+ 18. g3 Qh3 19. Kf2 Rfc8 20. Qd2 Rc5 21. Nd4 Rac8 22. Ra3 h5 23. Rc3 h4 24. gxh4 Qxh4+ 25. Kg2 Qg4+ 26. Kf2 Qh3 27. Nb3 Rxc3 28. bxc3 d4 29. Nxd4 Bb7 30. Rb1 Qxh2+ 31. Ke1 Qg1+ 32. Ke2 Qxb1 0-1


[Site "https://www.chess.com"]

[Event "Titled Tuesday Blitz April 26 Early 2022"]
[White "Cagara, Paulina"]
[Black "Odegov, Artem"]
[WhiteFideId "1124870"]
[BlackFideId "34183644"]
[WhiteElo "1780"]
[BlackElo "2286"]
[Result "0-1"]
[Round "07"]
[TimeControl "180+1"]
[Date "2022.04.26"]
[WhiteClock "0:00:18"]
[BlackClock "0:00:07"]

1. e4 e6 2. d4 d5 3. Nc3 Bb4 4. exd5 exd5 5. Bd3 Nf6 6. Bg5 O-O 7. Ne2 h6 8. Bh4 Bg4 9. f3 Bh5 10. O-O c6 11. Nf4 Qc7 12. Nxh5 Nxh5 13. f4 Nxf4 14. Bg3 Bd6 15. Bxf4 Bxf4 16. g3 Bd6 17. Qg4 Nd7 18. Rf2 Rae8 19. Raf1 Re7 20. Qf5 g6 21. Qh3 Kg7 22. Ne2 Rfe8 23. c4 dxc4 24. Bxc4 f5 25. g4 Re3 26. Qg2 Nf6 27. gxf5 g5 28. Be6 Kh7 29. Rf3 Bxh2+ 30. Kh1 Rxf3 31. Rxf3 Bd6 32. Rh3 Kg7 33. Rh2 Bxh2 34. Qxh2 Qxh2+ 35. Kxh2 Nd5 36. Ng3 Nf4 37. Bd7 Rd8 38. f6+ Kxf6 39. Ne4+ Ke7 40. Bf5 Rxd4 41. Kg3 Rd5 42. Bh7 Rd3+ 43. Kf2 Re3 44. Nc5 Re2+ 45. Kf1 Rxb2 46. a4 h5 47. a5 h4 48. Ne4 h3 49. Nxg5 h2 50. Be4 Rb1+ 51. Kf2 h1=Q 52. Bxh1 Rxh1 53. Ne4 Nd3+ 54. Ke3 Nb4 55. Kd4 Rh4 56. Kc5 Rxe4 57. a6 Nxa6# 0-1


[Site "https://www.chess.com"]

[Event "Titled Tuesday Blitz April 26 Early 2022"]
[White "Castellanos Hernandez, Emilio Au"]
[Black "Brahami, Lamine"]
[WhiteFideId "5114179"]
[BlackFideId "7905637"]
[WhiteElo "2021"]
[BlackElo "1937"]
[Result "0-1"]
[Round "07"]
[TimeControl "180+1"]
[Date "2022.04.26"]
[WhiteClock "0:01:43"]
[BlackClock "0:01:47"]

1. d4 Nf6 2. g3 g6 3. Bg2 Bg7 4. c4 O-O 5. Nc3 d6 6. h3 c5 7. d5 Na6 8. e4 Nc7 9. Nge2 a6 10. O-O b5 11. f4 bxc4 12. Qa4 e6 13. Qxc4 exd5 14. Nxd5 Nfxd5 15. exd5 Bd7 16. Nc3 Nb5 17. a4 Nd4 18. Re1 Nc2 0-1


[Site "https://www.chess.com"]

[Event "Titled Tuesday Blitz April 26 Early 2022"]
[White "Chigaev, Maksim"]
[Black "Ning, Kaiyu"]
[WhiteFideId "4108116"]
[BlackFideId "8614750"]
[WhiteElo "2478"]
[BlackElo "2013"]
[Result "1-0"]
[Round "07"]
[TimeControl "180+1"]
[Date "2022.04.26"]
[WhiteClock "0:00:38"]
[BlackClock "0:00:02"]

1. d4 Nf6 2. c4 e6 3. Nf3 d5 4. g3 Be7 5. Bg2 O-O 6. Qb3 a6 7. cxd5 exd5 8. O-O c6 9. Nc3 Re8 10. Bf4 Nbd7 11. Rad1 Nf8 12. Rfe1 Ne6 13. Be5 Nd7 14. e4 dxe4 15. Nxe4 Nxe5 16. dxe5 Qc7 17. Nd6 Rd8 18. Nxc8 Raxc8 19. Bh3 Nc5 20. Qc4 Rxd1 21. Rxd1 Rd8 22. Rd4 Rxd4 23. Qxd4 Qd8 24. Qxd8+ Bxd8 25. Kf1 Nd3 26. Bc8 b6 27. Bxa6 Nxb2 28. Nd4 c5 29. Nc6 Bc7 30. Ke2 Kf8 31. Kd2 c4 32. f4 f6 33. exf6 gxf6 34. Kc3 Nd1+ 35. Kxc4 Ne3+ 36. Kd4 Nc2+ 37. Kd5 h5 38. Ke6 b5 39. Bxb5 h4 40. Kxf6 Ne3 41. Kg5 hxg3 42. hxg3 Kf7 43. a4 Nd5 44. Bc4 Ke6 45. Nb4 1-0


[Site "https://www.chess.com"]

[Event "Titled Tuesday Blitz April 26 Early 2022"]
[White "Chuemsakul, Sarocha"]
[Black "Eynullayev, Atilla"]
[WhiteFideId "6203710"]
[BlackFideId "13413570"]
[WhiteElo "1703"]
[BlackElo "1936"]
[Result "1/2-1/2"]
[Round "07"]
[TimeControl "180+1"]
[Date "2022.04.26"]
[WhiteClock "0:00:03"]
[BlackClock "0:00:11"]

1. d4 Nf6 2. c4 e6 3. Nf3 d5 4. cxd5 exd5 5. Nc3 h6 6. Bf4 Bd6 7. Bxd6 Qxd6 8. e3 Nbd7 9. Bd3 c6 10. O-O O-O 11. Rb1 a5 12. Qc2 Re8 13. h3 Nf8 14. Ne5 N6d7 15. Nxd7 Bxd7 16. Na4 Ng6 17. Nb6 Rad8 18. Nxd7 Rxd7 19. Bxg6 fxg6 20. Qc3 Ra8 21. Rfc1 g5 22. b3 Qe6 23. Qd3 Rf7 24. a4 Raf8 25. Rc2 g4 26. hxg4 Qxg4 27. Re1 h5 28. e4 dxe4 29. Rxe4 Qg5 30. Re5 Qg4 31. Rxa5 Rf4 32. Rd2 Rd8 33. d5 b6 34. Ra7 Rxd5 35. Ra8+ Rf8 36. Rxf8+ Kxf8 37. Qe3 Rxd2 38. Qxd2 Qc8 39. Qd6+ Kf7 40. g3 Kg8 41. Kg2 Kh7 42. Qd3+ g6 43. Qd6 Kh6 44. b4 Qa8 45. Qd2+ Kh7 46. Qd7+ Kg8 47. Qe6+ Kg7 48. Qe7+ Kh6 49. Qe3+ Kg7 50. Qc3+ Kg8 51. Qc4+ Kg7 52. Qd4+ Kh6 53. Qf4+ Kh7 54. Qc7+ Kh6 55. Qf4+ Kh7 56. Qf7+ Kh6 57. Qf4+ 1/2-1/2


[Site "https://www.chess.com"]

[Event "Titled Tuesday Blitz April 26 Early 2022"]
[White "Csonka, Balazs"]
[Black "Bluebaum, Matthias"]
[WhiteFideId "742910"]
[BlackFideId "24651516"]
[WhiteElo "2404"]
[BlackElo "2550"]
[Result "0-1"]
[Round "07"]
[TimeControl "180+1"]
[Date "2022.04.26"]
[WhiteClock "0:00:02"]
[BlackClock "0:00:48"]

1. e4 c6 2. d4 d5 3. exd5 cxd5 4. Bd3 Nc6 5. c3 Qc7 6. Ne2 Bg4 7. O-O e6 8. Qe1 g6 9. Nd2 Bd6 10. h3 Bf5 11. Bb5 a6 12. Ba4 g5 13. f4 g4 14. hxg4 Bxg4 15. Nf3 f6 16. Bc2 Nge7 17. Qh4 h5 18. Qxf6 O-O-O 19. Bd3 Rdf8 20. Qh4 Nf5 21. Qh2 h4 22. Ne5 Rhg8 23. Nxg4 Rxg4 24. Rf3 Rfg8 25. Bxf5 exf5 26. Bd2 Qg7 27. Rf2 Ne7 28. Re1 Rh8 29. Qh3 Ng8 30. Nc1 Nf6 31. Nd3 Ne4 32. Rxe4 dxe4 33. Ne5 Bxe5 34. fxe5 Rg8 35. Rxf5 Rxg2+ 36. Kf1 Rg1+ 37. Ke2 Qg2+ 38. Qxg2 R8xg2+ 39. Ke3 h3 40. e6 Rg3+ 41. Kxe4 h2 42. Kd5 h1=Q+ 0-1


[Site "https://www.chess.com"]

[Event "Titled Tuesday Blitz April 26 Early 2022"]
[White "Cunha, Lucas Aguiar"]
[Black "Rosenberg, Evan S"]
[WhiteFideId "2125404"]
[BlackFideId "2019299"]
[WhiteElo "2361"]
[BlackElo "2355"]
[Result "1-0"]
[Round "07"]
[TimeControl "180+1"]
[Date "2022.04.26"]
[WhiteClock "0:00:33"]
[BlackClock "0:00:09"]

1. e4 e5 2. Nf3 Nc6 3. Nc3 Nf6 4. Bb5 Nd4 5. Ba4 Bc5 6. Nxe5 c6 7. d3 d6 8. Nf3 Bg4 9. h3 Nxf3+ 10. gxf3 Bh5 11. d4 Bb6 12. Rg1 O-O 13. Bh6 Bg6 14. Be3 Re8 15. Qe2 Ba5 16. Bb3 b5 17. Qd2 Bh5 18. Rg3 Kh8 19. O-O-O Qd7 20. Rdg1 Rg8 21. Bg5 Ne8 22. Qe3 Bb6 23. Ne2 a5 24. a3 a4 25. Ba2 b4 26. axb4 a3 27. bxa3 d5 28. Nf4 Bg6 29. exd5 cxd5 30. Bxd5 Rc8 31. Bb3 Bxd4 32. Qe7 Qf5 33. Nxg6+ hxg6 34. Qe4 Bxf2 35. Qh4# 1-0


[Site "https://www.chess.com"]

[Event "Titled Tuesday Blitz April 26 Early 2022"]
[White "Darini, Pouria"]
[Black "Vokhidov, Shamsiddin"]
[WhiteFideId "12502200"]
[BlackFideId "14204223"]
[WhiteElo "2489"]
[BlackElo "2611"]
[Result "1-0"]
[Round "07"]
[TimeControl "180+1"]
[Date "2022.04.26"]
[WhiteClock "0:00:04"]
[BlackClock "0:00:00"]

1. e4 c5 2. Nf3 Nc6 3. Bb5 Nf6 4. Nc3 Nd4 5. e5 Nxb5 6. Nxb5 Nd5 7. O-O a6 8. Nc3 Nxc3 9. dxc3 e6 10. Ng5 d5 11. exd6 Bxd6 12. Qh5 g6 13. Qf3 O-O 14. Rd1 Qc7 15. Ne4 Bxh2+ 16. Kh1 f5 17. Bh6 Bf4 18. Ng5 Bxg5 19. Bxg5 Bd7 20. Bf4 Qc8 21. Be5 Bc6 22. Qf4 Qe8 23. f3 Rd8 24. Qg5 Rd7 25. Rxd7 Qxd7 26. c4 b5 27. cxb5 axb5 28. c3 Qd5 29. Re1 Qd7 30. Qh6 Rf7 31. Kh2 Qe7 32. Rd1 Bd5 33. b3 Qf8 34. Qg5 Qe7 35. Qh6 c4 36. bxc4 bxc4 37. Rb1 Rf8 38. Qf4 g5 39. Qg3 h6 40. Bd4 Kh7 41. Qe5 Kg6 42. Rb6 Qd7 43. Rd6 Qb7 44. a4 Kh7 45. a5 1-0


[Site "https://www.chess.com"]

[Event "Titled Tuesday Blitz April 26 Early 2022"]
[White "De Souza, Cristiano Gomes"]
[Black "Miszler, Levente"]
[WhiteFideId "2151758"]
[BlackFideId "763276"]
[WhiteElo "2068"]
[BlackElo "1966"]
[Result "0-1"]
[Round "07"]
[TimeControl "180+1"]
[Date "2022.04.26"]
[WhiteClock "0:00:18"]
[BlackClock "0:00:11"]

1. d4 Nf6 2. c4 g6 3. Nc3 Bg7 4. e4 d6 5. Nf3 O-O 6. Be2 Nbd7 7. O-O e5 8. Be3 h6 9. h3 Nh5 10. Qd2 Kh7 11. Rfd1 f5 12. exf5 gxf5 13. dxe5 dxe5 14. Bc5 Rg8 15. Nh2 Nf4 16. Bf1 b6 17. Be3 Ng6 18. Qc2 f4 19. Bd3 Qg5 20. Be4 Rb8 21. Nf3 Qh5 22. Nd5 fxe3 23. Bxg6+ Qxg6 24. Qxg6+ Kxg6 25. Ne7+ Kf7 26. Nxg8 exf2+ 27. Kxf2 Kxg8 28. Rd2 Kf7 29. Rad1 Nc5 30. Rd8 Bf6 31. b4 Bxd8 32. Rxd8 Ne6 33. Rh8 Kg7 34. Re8 e4 35. Ne5 Kf6 36. Nc6 Ra8 37. Ke3 Bb7 38. Rxa8 Bxa8 39. Nxa7 Ke5 40. Nb5 Bc6 41. Nc3 Nd4 42. b5 Bb7 43. a4 Nf5+ 44. Kd2 Kd4 45. Ne2+ Kxc4 46. g4 e3+ 47. Kc2 Nd4+ 48. Nxd4 Kxd4 49. Kd1 Kd3 50. Ke1 e2 51. h4 Be4 52. g5 hxg5 53. hxg5 Bg6 0-1


[Site "https://www.chess.com"]

[Event "Titled Tuesday Blitz April 26 Early 2022"]
[White "Demchenko, Anton"]
[Black "Andreikin, Dmitry"]
[WhiteFideId "4160258"]
[BlackFideId "4158814"]
[WhiteElo "2539"]
[BlackElo "2736"]
[Result "0-1"]
[Round "07"]
[TimeControl "180+1"]
[Date "2022.04.26"]
[WhiteClock "0:00:02"]
[BlackClock "0:01:23"]

1. e4 c5 2. Nf3 Nc6 3. Bb5 g6 4. O-O Bg7 5. d3 d6 6. e5 dxe5 7. Bxc6+ bxc6 8. Re1 Qc7 9. Be3 Nf6 10. Bxc5 Nd7 11. Ba3 c5 12. d4 exd4 13. c3 O-O 14. cxd4 Bb7 15. Nc3 cxd4 16. Nxd4 Ne5 17. Rc1 Qd7 18. Nb3 Qf5 19. Nc5 Nf3+ 20. Kh1 Qf4 21. g3 Qh6 22. h4 Rad8 23. Nxb7 Rxd1 24. Rexd1 g5 25. Nc5 gxh4 26. Kg2 Ng5 27. Rh1 Qc6+ 28. Kg1 h3 29. f3 Qxf3 30. Rc2 0-1


[Site "https://www.chess.com"]

[Event "Titled Tuesday Blitz April 26 Early 2022"]
[White "Demin, Vladimir"]
[Black "Urazayev, Arystanbek"]
[WhiteFideId "4167457"]
[BlackFideId "13709810"]
[WhiteElo "2412"]
[BlackElo "2422"]
[Result "0-1"]
[Round "07"]
[TimeControl "180+1"]
[Date "2022.04.26"]
[WhiteClock "0:00:02"]
[BlackClock "0:01:48"]

1. e4 c5 2. Nf3 d6 3. d4 cxd4 4. Qxd4 Nf6 5. Nc3 Nc6 6. Bb5 Bd7 7. Bxc6 Bxc6 8. Bg5 e6 9. O-O-O Be7 10. Qd3 h6 11. Be3 Ng4 12. Kb1 Nxe3 13. Qxe3 Qb6 14. Nd4 Bd7 15. f4 O-O 16. g4 Rac8 17. h4 e5 18. Nd5 Qd8 19. Nf3 Bxg4 20. fxe5 Bxf3 21. Qxf3 dxe5 22. Rhg1 Bxh4 23. Rg4 Bg5 24. c3 f6 25. Kc2 Qe8 26. b3 a5 27. Qf5 Qf7 28. Rh1 b5 29. Rh2 a4 30. Rg3 axb3+ 31. axb3 Ra8 32. Kb2 Ra7 33. Rxg5 fxg5 34. Qxe5 Rfa8 35. c4 0-1


[Site "https://www.chess.com"]

[Event "Titled Tuesday Blitz April 26 Early 2022"]
[White "Djokic, Mihailo"]
[Black "Richter, Nils"]
[WhiteFideId "976440"]
[BlackFideId "12990809"]
[WhiteElo "2202"]
[BlackElo "2243"]
[Result "1-0"]
[Round "07"]
[TimeControl "180+1"]
[Date "2022.04.26"]
[WhiteClock "0:01:54"]
[BlackClock "0:02:22"]

1. e4 e6 2. d4 d5 3. Nc3 Nf6 4. Bg5 Be7 5. e5 Nfd7 6. h4 h6 7. Be3 a6 8. Qg4 Kf8 9. Nf3 c5 10. dxc5 Nxc5 11. O-O-O Nc6 12. Kb1 b5 13. Qf4 b4 14. Ne2 Ne4 15. Ned4 Nxd4 16. Nxd4 Rb8 17. Nc6 Qc7 18. Nxb8 Qxb8 19. Bd3 Nc3+ 20. Ka1 Nxd1 21. Rxd1 a5 22. Bg6 f5 23. exf6 Bd6 24. fxg7+ Kxg7 25. Qf7# 1-0


[Site "https://www.chess.com"]

[Event "Titled Tuesday Blitz April 26 Early 2022"]
[White "Drygalov, Sergey"]
[Black "Stribuk, Artiom"]
[WhiteFideId "24171743"]
[BlackFideId "13515659"]
[WhiteElo "2514"]
[BlackElo "2259"]
[Result "1-0"]
[Round "07"]
[TimeControl "180+1"]
[Date "2022.04.26"]
[WhiteClock "0:01:39"]
[BlackClock "0:00:06"]

1. d4 Nf6 2. c4 g6 3. Nc3 d5 4. cxd5 Nxd5 5. e4 Nxc3 6. bxc3 Bg7 7. Nf3 c5 8. Be3 Qa5 9. Qd2 Nc6 10. Rb1 a6 11. Rc1 cxd4 12. cxd4 Qxd2+ 13. Kxd2 O-O 14. d5 Rd8 15. Bb6 Rd6 16. Bd3 Nb4 17. Bc5 Nxd3 18. Kxd3 Rd7 19. h3 b5 20. Bd4 f6 21. Rc5 Bb7 22. Rhc1 Rad8 23. Ke2 Bh6 24. R1c2 Bf8 25. Rc7 Kf7 26. Bb6 Ke8 27. Nd4 Rxc7 28. Rxc7 Ba8 29. Ne6 Rb8 30. Ba7 Rd8 31. Nxd8 Kxd8 32. Bb6 1-0


[Site "https://www.chess.com"]